 Dungeon Crawl Stone Soup version 0.18.1-50-g88ac8fd (webtiles) character file.

49 HODOR the Grave Robber (level 3, -4/24 HPs)
             Began as a Mummy Necromancer on Oct 1, 2016.
             Was an Initiate of Sif Muna.
             Slain by a hound (5 damage)
             ... on level 2 of the Dungeon.
             The game lasted 00:07:50 (1755 turns).

HODOR the Grave Robber (Mummy Necromancer)          Turns: 1755, Time: 00:07:50

Health: -4/24      AC:  3    Str: 11    XL:     3   Next: 51%
Magic:  0/6        EV: 12    Int: 15    God:    Sif Muna [......]
Gold:   55         SH:  0    Dex: 12    Spells: 1 memorised, 5 levels left

rFire  x . .     SeeInvis .     (no weapon)
rCold  + . .     Gourm    .     a - +0 robe
rNeg   + + +     Faith    .     (no shield)
rPois  ∞         Spirit   .     g - +0 helmet
rElec  .         Dismiss  .     (no cloak)
rCorr  .         Reflect  .     (no gloves)
SustAt .         Harm     .     (no boots)
MR     .....                    (no amulet)
Stlth  ++........               (no ring)
                                (no ring)

@: not resistant to hostile enchantments, unstealthy
A: no food or potions, fire vulnerability, cold resistance 1, negative energy
resistance 3, torment resistance, unbreathing
a: Renounce Religion


You were on level 2 of the Dungeon.
You worshipped Sif Muna.
Sif Muna was noncommittal.
You were not hungry.

You visited 1 branch of the dungeon, and saw 2 of its levels.

You collected 55 gold pieces.

Inventory:

Armour
 a - a +0 robe (worn)
 g - a +0 helmet (worn)
Scrolls
 c - 3 scrolls of identify {unknown}
 d - a scroll of fear {unknown}
 e - a scroll of random uselessness {unknown}
 f - a scroll of enchant weapon {unknown}
 h - a scroll of enchant armour {unknown}
 i - a scroll of teleportation {unknown}
Books
 b - a book of Necromancy

   Spells                             Type                      Level
   a - Pain                           Necromancy                   1
   b - Animate Skeleton               Necromancy                   1
   c - Vampiric Draining              Necromancy                   3
   d - Regeneration                   Charms/Necromancy            3
   e - Animate Dead                   Necromancy                   4
   f - Control Undead                 Necromancy                   4


   Skills:
 + Level 2.0 Dodging
 + Level 1.8 Stealth
 + Level 2.3 Spellcasting
 + Level 4.7 Necromancy


You had 5 spell levels left.
You knew the following spells:

 Your Spells              Type           Power        Failure   Level  Hunger
a - Pain                  Necr           ###.         3%          1    N/A

Dungeon Overview and Level Annotations

Branches:
Dungeon (2/15)

Altars:
Makhleb
Sif Muna


Innate Abilities, Weirdness & Mutations

You do not eat or drink.
Your flesh is vulnerable to fire.
You are immune to poison.
Your flesh is cold resistant.
You are immune to negative energy.
You are immune to unholy pain and torment.
You can survive without breathing.


Message History

The hound is heavily wounded.
The hound bites you but does no damage.
You barely miss the hound.
The hound is heavily wounded.
The hound bites you. x2
The hound closely misses you. The hound barely misses you.
The hound completely misses you. The hound bites you.
* * * LOW HITPOINT WARNING * * *
The hound bites you.
* * * LOW HITPOINT WARNING * * *
There is an open door here.
Casting: Pain
Confirm with . or Enter, or press ? or * to list all spells.
Aiming: Pain
Press: ? - help, Shift-Dir - straight line, f/p - hound
Aim: a hound (heavily wounded, chance to defeat MR: 81%)
The hound convulses in agony!
The hound bites you.
You die...

.# #.# ### .# #.# #..# .# #.#
∩_..## .# #.# †.K.## .# #.#
### #..## .# #.#### ##.#
##..# .# ####.##.## ##..#
###..##
.####........####...####...##
...........<....@h..##...)##
#####.##.#...####(..#....##
#.##.##..# ##.(.....#
#.##..##.# ##.....##
#.###.##.# ##...## #.# .##.#
##'## #.# .##.# #.# # .. ..
#.# #.#


You could see a hound.

Vanquished Creatures
  An ooze (D:1)
  2 dart slugs
  2 giant geckos (D:1)
  2 giant cockroaches (D:1)
  3 hobgoblins
  8 kobolds
  6 bats (D:1)
  6 goblins (D:1)
  9 rats
39 creatures vanquished.

Notes
Turn   | Place    | Note
--------------------------------------------------------------
     0 | D:1      | HODOR the Mummy Necromancer began the quest for the Orb.
     0 | D:1      | Reached XP level 1. HP: 13/13 MP: 3/3
   275 | D:1      | Reached XP level 2. HP: 19/19 MP: 1/5
   794 | D:1      | Reached XP level 3. HP: 22/24 MP: 0/6
  1540 | D:2      | Found a deep blue altar of Sif Muna.
  1546 | D:2      | Became a worshipper of Sif Muna the Loreminder
  1727 | D:2      | Found a burning altar of Makhleb.
  1754 | D:2      | HP: 1/24 [hound (5)]
  1755 | D:2      | Slain by a hound

Skill      XL: |  1  2  3 |
---------------+----------+-----
Dodging        | 2 |  2.0
Stealth        | |  1.8
Spellcasting   | |  2.3
Necromancy     | |  4.7

Action                   || total
-------------------------++-------
Melee: Unarmed           ||    30
 Cast: Pain              ||    76
Armor: Robe              ||    24
Dodge: Dodged            ||    58
